 Dungeon Crawl Stone Soup version 0.15.2 (webtiles) character file.

8759 LetoII the Martial Artist (level 11, -9/86 HPs)
             Began as a Mummy Monk on Nov 7, 2015.
             Mangled by a white ugly thing (11 damage)
             ... on Level 12 of the Dungeon.
             The game lasted 00:40:47 (18852 turns).

LetoII the Martial Artist (Mummy Monk)             Turns: 18852, Time: 00:40:47

HP  -9/86        AC  9     Str 14      XL: 11   Next: 14%
MP  11/11        EV 17     Int  9      God:
Gold 418         SH  0     Dex 16 (17) Spells:  0 memorised, 10 levels left

rFire  x . .     SeeInvis .       - Unarmed
rCold  + . .     Clarity  .     (no armour)
rNeg   + + +     rCorr    .     (no shield)
rPois  +         rRot     +     (no helmet)
rElec  .         Spirit   .     n - +2 cloak {+Inv}
SustAb .         Warding  .     p - +2 pair of gloves
rMut   .         Stasis   .     q - +2 pair of boots {+Jump}
Gourm  .                        (no amulet)
MR     +....                    (no ring)
                                (no ring)

@: very slightly contaminated, somewhat resistant to hostile enchantments,
fairly stealthy
A: no food or potions, fire vulnerability, restore body, cold resistance 1,
negative energy resistance 3, poison resistance, torment resistance, unbreathing
a: Evoke Invisibility, Evoke Jump Attack


You were on level 12 of the Dungeon.
You were not hungry.

You visited 2 branches of the dungeon, and saw 13 of its levels.

You collected 678 gold pieces.
You spent 260 gold pieces at shops.


Innate Abilities, Weirdness & Mutations

You do not eat or drink.
Your flesh is vulnerable to fire.
Your flesh is cold resistant.
You are immune to negative energy.
Your system is resistant to poisons.
You are immune to unholy pain and torment.
You can survive without breathing.


   Skills:
 - Level 8.0 Fighting
 + Level 7.7 Dodging
 - Level 6.2 Stealth
 - Level 10.1 Unarmed Combat


You had 10 spell levels left.
You didn't know any spells.

Inventory:

Armour
 n - a +2 cloak of darkness (worn)
 o - the +3 robe of Clouds {+Fly rElec}
   (You found it on level 5 of the Dungeon)

   It insulates you from electricity.
   It lets you fly.
 p - a +2 pair of gloves (worn)
 q - a +2 pair of boots of jumping (worn)
 s - a cursed +0 centaur barding of stealth
Comestibles
 c - a beef jerky (quivered)
 l - a meat ration
 v - a slice of pizza
Scrolls
 a - 2 scrolls of fog
 d - a scroll of enchant weapon
 e - 2 scrolls of remove curse
 f - 2 scrolls of recharging
 g - a scroll of random uselessness
 h - 2 scrolls of blinking {unknown}
 i - a scroll of noise {unknown}
 j - 2 scrolls of enchant armour
 m - 2 scrolls of teleportation {@r4}
 r - a scroll of acquirement {unknown}
Jewellery
 t - an uncursed amulet of resist mutation {unknown}
 u - an uncursed ring of ice {unknown}

Dungeon Overview and Level Annotations

Branches:
Dungeon (12/15)            Temple (0/1) D:5             Orc (0/4) D:10
   Lair (1/8) D:10

Altars:
Makhleb
Nemelex Xobeh
Okawaru
Vehumet
Zin
The Shining One

Shops:
D:6 [   D:11 =

Annotations:
D:1 exclusion: downstairs
D:5 Two little orc warriors
D:9 Erolcha, Maurice
D:10 exclusions: upstairs and 3 more exclusions
D:11 exclusion: troll

#......# .....#
...# #.###########
#............
#.z........:.
#z...........
######z...........
#Muz.z......B..<..
###z..............
#...............
####............
#.#####..B... #.#
#.##### #.# +s #.#
#. .


You could see a white ugly thing and 4 wights.


Message History

You assume a fearsome visage.
The boring beetle looks frightened!
The wight is unaffected. x5
The trapdoor spider looks frightened!
The giant frog looks frightened!
The wight hits you but does no damage.
Unknown command.
Unknown command.
The wight completely misses you.
The boring beetle waves its antennae.
A white ugly thing comes into view.
The white ugly thing gurgles horribly!
The white ugly thing moves out of view.
Found 19 gold pieces.
The wight completely misses you. The wight closely misses you.
The white ugly thing stings you.
* * * LOW HITPOINT WARNING * * *
The white ugly thing freezes you! You resist.
* * * LOW HITPOINT WARNING * * *
Read which item? (? for menu, Esc to quit)
Okay, then.
Read which item? (? for menu, Esc to quit)
Okay, then.
You aren't carrying any items that can be evoked.
Drop what? (_ for help) (? for menu, Esc to quit)
Okay, then.
Use which ability? (? or * to list)
You fail to use your ability.
The white ugly thing stings you.
* * * LOW HITPOINT WARNING * * *
The white ugly thing freezes you! You resist.
You die...

Action                   |  1- 3 |  4- 6 |  7- 9 | 10-12 || total
-------------------------+-------+-------+-------+-------++-------
Melee: Unarmed           |   266 |   329 |   751 |   635 ||  1981
 Abil: Evoke Invisibilit |       |     1 |     2 |     9 ||    12
       Evoke Jump Attack |       |       |     3 |     3 ||     6
Evoke: Wand              |       |     5 |     1 |       ||     6
  Use: Scroll            |       |       |    11 |     8 ||    19
 Stab: Sleeping          |       |     2 |    12 |     3 ||    17
       Invisible         |       |     2 |     5 |    17 ||    24
       Distracted        |       |       |     2 |     1 ||     3

Vault maps used:
D:1:      elethiomel_arrival_fortress_basement, minmay_gold_behind_plants,
          minivault_5, kennysheep_decorative_pillar
D:2:      nicolae_tso_carved_into_rock, uniq_sigmund
D:3:      first_bread, uniq_crazy_yiuf_cottage
D:4:      okawaru_altar_gauntlet_db, uniq_natasha
D:5:      grunt_temple_overflow_lords_of_destruction, zin_scriptorium,
          minmay_temple_entry_hall, minmay_mini_ossuary
D:6:      serial_shops, shop, columned_hall_lemuel, uniq_blork_the_orc
D:7:      nemelex_xobeh_ov_fountains_minmay
D:8:      statuecave_lemuel
D:9:      grunt_ogre_cave, uniq_erolcha, uniq_joseph, uniq_maurice
D:10:     david_orc_2
D:11:     serial_shops, bzr_firewalk, kennysheep_mini
D:12:     lemuel_vampire_tower, serial_shops, nicolae_shop_statue_plus,
          nicolae_shop_crystal, shop, nicolae_trove_entry_diagonal,
          ashenzari_altar_1
Lair:1:   lemuel_fruit_fields

Notes
Turn   | Place    | Note
--------------------------------------------------------------
     0 | D:1      | LetoII, the Mummy Monk, began the quest for the Orb.
     0 | D:1      | Reached XP level 1. HP: 18/18 MP: 1/1
   149 | D:1      | HP: 1/18 [kobold/dagger (4)]
   465 | D:1      | Reached XP level 2. HP: 13/24 MP: 2/2
  1184 | D:2      | Noticed Sigmund
  1254 | D:2      | Reached skill level 4 in Unarmed Combat
  1296 | D:2      | Reached XP level 3. HP: 22/29 MP: 3/3
  1587 | D:2      | Found a glowing golden altar of the Shining One.
  2311 | D:2      | Reached XP level 4. HP: 24/35 MP: 4/4
  2789 | D:3      | Noticed a phantom
  2828 | D:3      | Killed a phantom
  2828 | D:3      | Reached skill level 5 in Unarmed Combat
  2828 | D:3      | Reached XP level 5. HP: 10/41 MP: 5/5
  3328 | D:3      | Noticed Crazy Yiuf
  3691 | D:3      | Reached skill level 4 in Fighting
  4165 | D:4      | Reached XP level 6. HP: 38/48 MP: 6/6
  4683 | D:4      | Reached skill level 5 in Fighting
  4793 | D:4      | Noticed Natasha
  4797 | D:4      | Killed Natasha
  4866 | D:4      | Noticed Natasha
  4887 | D:4      | Killed Natasha
  4975 | D:4      | Found an iron altar of Okawaru.
  5183 | D:4      | Reached skill level 3 in Dodging
  5631 | D:3      | Killed Crazy Yiuf
  6183 | D:2      | Killed Sigmund
  6183 | D:2      | Reached skill level 4 in Dodging
  6183 | D:2      | Reached XP level 7. HP: 26/56 MP: 7/7
  6456 | D:5      | Entered Level 5 of the Dungeon
  6671 | D:5      | Found a staircase to the Ecumenical Temple.
  7137 | D:5      | Found a radiant altar of Vehumet.
  7138 | D:5      | Found a burning altar of Makhleb.
  7147 | D:5      | Reached skill level 6 in Unarmed Combat
  7241 | D:5      | Found a glowing silver altar of Zin.
  7421 | D:6      | Found Ecaug's Antique Armour Boutique.
  7434 | D:6      | Bought a pair of runed boots for 130 gold pieces
  7581 | D:6      | Reached XP level 8. HP: 59/62 MP: 8/8
  7616 | D:6      | Noticed Blork the orc
  7631 | D:6      | Killed Blork the orc
  7751 | D:6      | Reached skill level 7 in Unarmed Combat
  8455 | D:6      | Bought a pair of gloves for 130 gold pieces
  8822 | D:6      | Reached skill level 8 in Unarmed Combat
  9079 | D:4      | Noticed Natasha
  9082 | D:4      | Killed Natasha
  9648 | D:6      | Reached skill level 5 in Dodging
 10152 | D:7      | Noticed a two-headed ogre
 10463 | D:7      | Reached skill level 6 in Dodging
 10466 | D:7      | Reached XP level 9. HP: 63/68 MP: 9/9
 10514 | D:7      | Found a sparkling altar of Nemelex Xobeh.
 10689 | D:7      | Reached skill level 2 in Stealth
 10737 | D:7      | Killed a two-headed ogre
 10737 | D:7      | Reached skill level 3 in Stealth
 11081 | D:7      | Reached skill level 4 in Stealth
 11575 | D:8      | Reached skill level 5 in Stealth
 12160 | D:8      | Reached skill level 6 in Stealth
 12627 | D:9      | Noticed Maurice
 12690 | D:9      | Reached skill level 6 in Fighting
 12810 | D:9      | Noticed Erolcha
 12894 | D:9      | Noticed GhostOklob's ghost (experienced DDBe)
 12912 | D:9      | Killed GhostOklob's ghost
 12912 | D:9      | Reached skill level 7 in Fighting
 12912 | D:9      | Reached XP level 10. HP: 66/79 MP: 10/10
 13609 | D:9      | Noticed Joseph
 13656 | D:9      | HP: 8/80 [Joseph/uncursed glowing quarterstaff (1)]
 13681 | D:10     | Entered Level 10 of the Dungeon
 14094 | D:10     | Reached skill level 8 in Fighting
 14844 | D:9      | Killed Joseph
 15395 | D:10     | Found a staircase to the Lair.
 15488 | D:10     | Reached skill level 9 in Unarmed Combat
 15848 | D:10     | Found a staircase to the Orcish Mines.
 16115 | D:9      | HP: 6/80 [manticore zombie (6)]
 17276 | D:9      | Reached skill level 10 in Unarmed Combat
 17471 | Lair:1   | Entered Level 1 of the Lair of Beasts
 17795 | D:10     | Reached skill level 7 in Dodging
 17925 | D:10     | Reached XP level 11. HP: 54/86 MP: 11/11
 18784 | D:11     | Found Gusirr's Jewellery Emporium.
 18799 | D:11     | Noticed a skeletal warrior
 18799 | D:11     | Noticed a skeletal warrior
 18801 | D:11     | Noticed a skeletal warrior
 18849 | D:12     | HP: 4/86 [white ugly thing (8)]
 18852 | D:12     | Mangled by a white ugly thing

Vanquished Creatures
  The ghost of GhostOklob the Basher, an experienced DDBe of Trog (D:9)
  A centaur zombie (D:10)
  Joseph (D:9)
  2 two-headed ogres
  4 hippogriffs
  10 yaks
  A tengu zombie (D:8)
  2 water moccasins
  A manticore zombie (D:9)
  An orc warrior (D:10)
  A necrophage (D:8)
  2 sky beasts
  5 ogres
  2 phantoms
  2 ice beasts
  A crocodile (D:10)
  A centaur (D:5)
  Sigmund (D:2)
  6 giant frogs
  Blork the orc (D:6)
  3 big kobolds
  A gnoll sergeant (D:10)
  6 scorpions
  3 wights (D:7)
  A troll zombie (D:8)
  A hippogriff skeleton (D:10)
  5 killer bees
  5 crimson imps
  3 hounds
  2 jellies
  A yellow wasp zombie (D:9)
  A quasit (D:10)
  Crazy Yiuf (D:3)
  8 orc priests
  A giant frog skeleton (D:6)
  3 iguanas
  8 worker ants
  15 orc wizards
  Natasha (thrice) (D:4)
  A hound zombie (D:6)
  2 mummies
  13 gnolls
  16 adders
  6 shadow imps
  A giant mite (D:7)
  3 worms
  An adder zombie (D:6)
  6 giant geckos
  59 orcs
  16 bats
  4 giant cockroaches
  10 goblins
  16 hobgoblins
  13 jackals
  2 ball pythons
  A giant gecko skeleton (D:6)
  A giant gecko zombie (D:5)
  4 giant newts
  A giant spore (D:8)
  A hobgoblin zombie (D:5)
  31 kobolds
  2 kobold zombies
  2 orc zombies (D:5)
  8 quokkas
  8 rats
  3 ballistomycetes
  A plant (D:1)
349 creatures vanquished.

Vanquished Creatures (others)
  A troll (D:11)
  A kobold (D:9)
  A bat (D:9)
  A giant spore (D:9)
  A rat (D:9)
5 creatures vanquished.

Grand Total: 354 creatures vanquished
